[Event "Team 45 45 League T50"]
[Site "Internet Chess Club"]
[Date "2011.09.04"]
[Round "4"]
[White "Cicero"]
[Black "BrerRabbit"]
[Result "0-1"]
[WhiteElo "1336"]
[BlackElo "1509"]
[Opening "King's Indian: orthodox variation"]
[ECO "E94"]
[Time "19:00:17"]
[TimeControl "2700+45"]

1. d4 Nf6 2. c4 g6 3. Nc3 Bg7 4. e4 d6 5. Be2 O-O 6. Nf3 e5 7. O-O Na6 8. a3
exd4 9. Nxd4 Nc5 10. Qc2 a5 11. b4 axb4 12. Nd5 bxa3 13. Nxf6+ Bxf6 14. Be3 Re8
15. Rad1 Nxe4 16. Nf3 Bd7 17. Bd3 Nc5 18. Bh6 Ba4 19. Qa2 Bxd1 20. Rxd1 Nxd3 21.
Rxd3 Bb2 22. h4 Re2 23. c5 Qe8 24. Nd4 Bxd4 25. Rd2 Rxd2 26. Qxd2 a2 27. cxd6
a1=Q+ 28. Kh2 cxd6 29. h5 Be5+ 30. g3 Qd4 31. Qg5 Qxf2+ 32. Kh3 Qxg3+ 33. Qxg3
Bxg3 34. hxg6 hxg6 35. Bg7 Kxg7 36. Kg2 Qe2+ 37. Kxg3 Ra3+ 38. Kf4 Qc4+ 39. Kg5
Ra5# {White checkmated} 0-1

[Event "Team 45 45 League T50"]
[Site "Internet Chess Club"]
[Date "2011.08.31"]
[Round "4"]
[White "PsyMar"]
[Black "jjaillet2007"]
[Result "0-1"]
[WhiteElo "1402"]
[BlackElo "1339"]
[Opening "French: Schlechter variation"]
[ECO "C01"]
[Time "21:30:22"]
[TimeControl "2700+45"]

1. e4 e6 2. d4 d5 3. Bd3 c5 4. dxc5 Bxc5 5. exd5 exd5 6. Qe2+ Be6 7. Bf4 Nf6 8.
Bf5 Qd7 9. Nf3 O-O 10. Bxe6 Qxe6 11. Ne5 Nc6 12. O-O Bd4 13. Qb5 Nxe5 14. c3 Bb6
15. Nd2 Nc4 16. Rfe1 Qc6 17. Qb3 Nxd2 18. Bxd2 Ne4 {White resigns} 0-1

[Event "Team 45 45 League T50"]
[Site "Internet Chess Club"]
[Date "2011.09.06"]
[Round "4"]
[White "dabodhi"]
[Black "lookatall65sqas"]
[Result "0-1"]
[WhiteElo "1205"]
[BlackElo "1590"]
[Opening "KP: Nimzovich defense"]
[ECO "B00"]
[Time "20:34:53"]
[TimeControl "2700+45"]

1. e4 Nc6 2. Nf3 Nf6 3. e5 Ng4 4. d4 d6 5. h3 Nh6 6. Bb5 a6 7. Be2 dxe5 8. dxe5
Qxd1+ 9. Bxd1 Bf5 10. O-O O-O-O 11. c3 e6 12. b4 Bd3 13. Re1 Nf5 14. Ng5 Nxe5
15. Bf4 h6 16. Nf3 Nxf3+ 17. Bxf3 g5 18. Be5 Bg7 19. Bxg7 Nxg7 20. Na3 Nf5 21.
Rac1 Nh4 22. Bh5 Bg6 23. Bxg6 Nxg6 24. Nc4 b5 25. Na5 Rd2 26. c4 Nf4 27. Kf1 Nd3
28. Re2 Rxe2 29. Rc3 Re1# {White checkmated} 0-1

[Event "Team 45 45 League T50"]
[Site "Internet Chess Club"]
[Date "2011.09.06"]
[Round "4"]
[White "oldsj"]
[Black "krysto"]
[Result "1-0"]
[WhiteElo "1498"]
[BlackElo "1570"]
[Opening "French: exchange variation"]
[ECO "C01"]
[Time "09:05:09"]
[TimeControl "2700+45"]

1. e4 e6 2. d4 d5 3. exd5 exd5 4. c4 Nf6 5. Nc3 Bb4 6. a3 Bxc3+ 7. bxc3 O-O 8.
Nf3 Re8+ 9. Be3 Be6 10. cxd5 Nxd5 11. Qd2 Nd7 12. Be2 Nxe3 13. fxe3 Nf6 14. O-O
Ne4 15. Qc2 Nf6 16. e4 Bg4 17. Ne5 Bxe2 18. Qxe2 Qd6 19. Nc4 Qa6 20. e5 Nd5 21.
Qd3 Re6 22. Qf3 Nf4 23. Qxf4 Qxc4 24. Qxf7+ Kh8 25. Qf8+ Rxf8 26. Rxf8# {Black
checkmated} 1-0

[Event "Team 45 45 League T50"]
[Site "Internet Chess Club"]
[Date "2011.09.06"]
[Round "4"]
[White "Barie"]
[Black "stan-beers"]
[Result "0-1"]
[WhiteElo "1428"]
[BlackElo "1455"]
[Opening "English, 1...Nf6 (Anglo-Indian defense)"]
[ECO "A15"]
[Time "19:30:32"]
[TimeControl "2700+45"]

1. c4 Nf6 2. g3 d6 3. Bg2 Nbd7 4. d4 e5 5. e3 Be7 6. Nc3 O-O 7. Nf3 c6 8. O-O
Qc7 9. b3 a6 10. Bb2 Nb6 11. Rc1 Qb8 12. Qd3 h6 13. Rfe1 Bg4 14. Nd2 Qd8 15.
Nde4 Nbd7 16. Nxf6+ Nxf6 17. d5 c5 18. Ne4 Nxe4 19. Qxe4 f5 20. Qd3 Bf6 21. Qd2
e4 22. h3 Bh5 23. Rf1 Bxb2 24. Qxb2 Bf3 25. a3 Bxg2 26. Kxg2 Qg5 27. Qd2 Rf7 28.
f3 Qe7 29. f4 Qd7 30. b4 b6 31. Rb1 Rff8 32. Rb2 Rfb8 33. Rfb1 Qc7 34. Qe2 cxb4
35. Rxb4 a5 36. Rb5 Ra7 37. a4 Rab7 38. Rc1 Qe7 39. Qh5 Qf8 40. g4 fxg4 41. hxg4
Rf7 42. Qg6 Qc8 43. Qxe4 Qxg4+ 44. Kf2 Qh4+ 45. Ke2 Re7 46. Qf3 Rbe8 47. Rb3
Qh2+ 48. Qf2 Qh5+ 49. Qf3 Qf7 50. Re1 Qf5 51. Kd2 Re4 52. Kc3 Qf6+ 53. Kd3 Qd8
54. Rb2 Qc7 55. Rc2 Qc5 56. Qd1 Rxe3+ 57. Rxe3 Qxe3# {White checkmated} 0-1

[Event "Team 45 45 League T50"]
[Site "Internet Chess Club"]
[Date "2011.09.04"]
[Round "4"]
[White "Risto"]
[Black "Elalfer"]
[Result "1-0"]
[WhiteElo "1325"]
[BlackElo "1346"]
[Opening "Sicilian: Labourdonnais-Löwenthal variation"]
[ECO "B32"]
[Time "13:00:21"]
[TimeControl "2700+45"]

1. e4 c5 2. Nf3 Nc6 3. d4 cxd4 4. Nxd4 e5 5. Nf3 Nf6 6. Nc3 Bb4 7. Bg5 Qa5 8.
Bd2 O-O 9. Bd3 d5 10. exd5 Bxc3 11. dxc6 Bxd2+ 12. Nxd2 Qd5 13. cxb7 Qxg2 14.
bxa8=Q Qxa8 15. Rg1 e4 16. Bc4 e3 17. fxe3 Re8 18. Qe2 Bg4 19. Qf2 Qb7 20. b3
Qe7 21. Nf1 Ne4 22. Qxf7+ Qxf7 23. Bxf7+ Kxf7 24. Rxg4 {Black resigns} 1-0

[Event "Team 45 45 League T50"]
[Site "Internet Chess Club"]
[Date "2011.09.05"]
[Round "4"]
[White "tamky70"]
[Black "wekabird"]
[Result "1-0"]
[WhiteElo "1354"]
[BlackElo "1177"]
[Opening "Caro-Kann: classical, 6.h4"]
[ECO "B18"]
[Time "21:00:09"]
[TimeControl "2700+45"]

1. e4 c6 2. d4 d5 3. Nc3 dxe4 4. Nxe4 Bf5 5. Ng3 Bg6 6. h4 h6 7. h5 Bh7 8. Nf3
Nf6 9. Bd3 Bxd3 10. Qxd3 e6 11. Bd2 Be7 12. O-O-O O-O 13. Ne5 Nbd7 14. f4 Nxe5
15. fxe5 Nd5 16. Ne4 Nb4 17. Bxb4 Bxb4 18. c3 Be7 19. Kb1 a5 20. g4 a4 21. g5
Bxg5 22. Nxg5 Qxg5 23. Rdg1 Qe7 24. Qg3 Qg5 25. Qd3 Qf5 26. Qxf5 exf5 27. Rf1 f6
28. Rxf5 fxe5 29. Rxe5 a3 30. b3 Rad8 31. Rhe1 Rf3 32. Kc2 Rf2+ 33. R1e2 Rf1 34.
Kd3 Rb1 35. Kc4 Rb2 36. b4 Rxe2 37. Rxe2 Rd5 38. Re5 b5+ 39. Kb3 Rd8 40. Kxa3
Ra8+ 41. Kb3 Kf7 42. Rc5 Ra6 43. d5 cxd5 44. Rxd5 Ke6 45. Rxb5 Rd6 46. a4 Kf6
47. a5 g6 48. hxg6 Kxg6 49. Rb6 Rf6 50. Rxf6+ Kxf6 51. a6 {Black resigns} 1-0

[Event "Team 45 45 League T50"]
[Site "Internet Chess Club"]
[Date "2011.09.06"]
[Round "4"]
[White "wildcat2023"]
[Black "medsurg"]
[Result "0-1"]
[WhiteElo "1314"]
[BlackElo "1379"]
[Opening "Giuoco Pianissimo: Italian four knights variation"]
[ECO "C47"]
[Time "19:00:48"]
[TimeControl "2700+45"]

1. e4 e5 2. Nf3 Nc6 3. Nc3 Nf6 4. Bc4 Bc5 5. d3 h6 6. O-O O-O 7. a3 a6 8. b4 Ba7
9. b5 Na5 10. Bd5 c6 11. bxc6 bxc6 12. Bb3 d5 13. exd5 cxd5 14. Nxe5 Bd4 15. Qe1
Nxb3 16. cxb3 Qc7 17. Bd2 Qxe5 18. Qxe5 Bxe5 19. f4 Bd4+ 20. Kh1 Bf5 21. Rfd1
Ng4 22. Rf1 Nf2+ 23. Kg1 Nxd3+ 24. Kh1 Nf2+ 25. Kg1 Ne4+ 26. Kh1 Nxd2 27. Rfd1
Bxc3 28. Rac1 Rac8 29. a4 Be4 30. b4 Bxb4 31. h4 Rxc1 32. Rxc1 Nc4 33. Kh2 Bd2
34. Rd1 Bxf4+ 35. g3 Be5 36. a5 Rb8 37. Kh3 h5 38. g4 Rb3+ 39. Rd3 Rxd3# {White
checkmated} 0-1

[Event "Team 45 45 League T50"]
[Site "Internet Chess Club"]
[Date "2011.09.06"]
[Round "4"]
[White "Aquaman"]
[Black "Nosaj"]
[Result "1-0"]
[WhiteElo "1274"]
[BlackElo "1345"]
[Opening "QGD: semi-Slav, Marshall gambit"]
[ECO "C01"]
[Time "20:01:21"]
[TimeControl "2700+45"]

1. d4 e6 2. e4 d5 3. c4 c6 4. Nc3 Bb4 5. e5 Ne7 6. Nf3 O-O 7. Bd2 Nf5 8. a3 Ba5
9. b4 Bb6 10. c5 Bc7 11. Bd3 Nh4 12. Bxh7+ Kxh7 13. Ng5+ Kg8 14. Qh5 Nxg2+ 15.
Kd1 Qxg5 16. Bxg5 f6 17. exf6 Bd8 18. fxg7 Rxf2 19. Qh8+ Kf7 20. Qf8+ Kg6 21.
g8=Q+ Kh5 22. Qxf2 Ne3+ 23. Qxe3 Bxg5 24. Qh3+ Bh4 25. Qgg4+ Kh6 26. Qhxh4#
{Black checkmated} 1-0

[Event "Team 45 45 League T50"]
[Site "Internet Chess Club"]
[Date "2011.09.03"]
[Round "4"]
[White "Goldenberg"]
[Black "theartist"]
[Result "1/2-1/2"]
[WhiteElo "1382"]
[BlackElo "1220"]
[Opening "French: exchange variation"]
[ECO "C01"]
[Time "10:32:26"]
[TimeControl "2700+45"]

1. e4 e6 2. d4 d5 3. exd5 exd5 4. c4 Nf6 5. Nc3 Bb4 6. Bd3 Be6 7. Nf3 O-O 8.
cxd5 Bxd5 9. O-O Bxc3 10. bxc3 Re8 11. Bg5 h6 12. Bh4 Nbd7 13. c4 Be6 14. d5 Bg4
15. h3 Bh5 16. g4 Bg6 17. Bxg6 fxg6 18. Qd3 Kf7 19. Rae1 Nc5 20. Rxe8 Qxe8 21.
Qd4 Qe7 22. Ne5+ Kg8 23. Nxg6 Qd6 24. Bg3 Qb6 25. Ne5 Nce4 26. Qxb6 axb6 27. Nd3
Nxg3 28. fxg3 Rxa2 29. Rf2 Rxf2 30. Kxf2 Kf8 31. Ke3 Ke7 32. Ne5 Kd6 33. Kf4 Kc5
34. Kf5 Kd4 35. h4 {Game drawn by mutual agreement} 1/2-1/2

[Event "Team 45 45 League T50"]
[Site "Internet Chess Club"]
[Date "2011.09.04"]
[Round "4"]
[White "kid6988"]
[Black "bishop10186"]
[Result "1-0"]
[WhiteElo "1522"]
[BlackElo "1213"]
[Opening "French: Tarrasch, open, 4.ed ed"]
[ECO "C08"]
[Time "14:00:23"]
[TimeControl "2700+45"]

1. e4 e6 2. d4 d5 3. Nd2 c5 4. exd5 exd5 5. h3 Nf6 6. Ngf3 Nc6 7. c3 Be7 8. Be2
O-O 9. O-O Re8 10. Re1 Qc7 11. Nb3 c4 12. Nbd2 Bd7 13. Bf1 Bd6 14. Rxe8+ Rxe8
15. Nb1 b5 16. Be3 a5 17. Nbd2 b4 18. Rc1 Qb8 19. Rb1 Bf5 20. Ra1 Qc7 21. cxb4
axb4 22. b3 Bf4 23. Bxf4 Qxf4 24. bxc4 Ne4 25. cxd5 Nxd2 26. Qxd2 Qxd2 27. Nxd2
Nxd4 28. Nc4 Kf8 29. Rd1 Ne2+ 30. Kh2 Nc3 31. Rd2 Bb1 32. d6 Bxa2 33. Nb6 Be6
34. Bc4 Ne4 35. Rd4 Nf6 36. Bxe6 Rxe6 37. d7 Nxd7 38. Nxd7+ Ke7 39. Nc5 Rb6 40.
Rd3 Rc6 41. Nb3 Rc3 42. Rxc3 bxc3 43. Kg1 Ke6 44. Kf1 Kd5 45. Ke2 Kc4 46. Nc1 h5
47. Kd1 g5 48. Kc2 f5 49. Ne2 h4 50. Nxc3 g4 51. Kd2 Kd4 52. Ke2 gxh3 53. gxh3
Kxc3 54. Ke3 Kc2 55. Kf4 Kd2 56. Kxf5 Ke2 57. Kg4 Kxf2 58. Kxh4 Kf3 59. Kg5
{Black resigns} 1-0

[Event "Team 45 45 League T50"]
[Site "Internet Chess Club"]
[Date "2011.09.05"]
[Round "4"]
[White "nlobo"]
[Black "kingsleywang"]
[Result "0-1"]
[WhiteElo "971"]
[BlackElo "1305"]
[Opening "Scotch gambit: Vitzhum attack"]
[ECO "C50"]
[Time "22:01:24"]
[TimeControl "2700+45"]

1. e4 e5 2. Nf3 Nc6 3. Bc4 Bc5 4. d4 exd4 5. Ng5 Nh6 6. Qh5 Qf6 7. Bxf7+ Nxf7 8.
Nxf7 Qxf7 9. Qxf7+ Kxf7 10. Bf4 Nb4 11. Na3 d6 12. O-O Bd7 13. c3 dxc3 14. bxc3
Nd3 15. g3 Nxf4 16. gxf4 Bxa3 17. c4 Rae8 18. f3 Rhf8 19. Rfe1 Kg8 20. Rad1 Bc6
21. f5 Bc5+ 22. Kh1 Ba4 23. Rd5 Re5 24. Rxe5 dxe5 25. Re2 Rd8 26. h4 Rd1+ 27.
Kh2 Bb4 28. Rg2 Rd2 29. Rxd2 Bxd2 30. h5 b5 31. c5 Be3 32. Kg3 Bf4+ 33. Kg4 b4
34. c6 Bxc6 35. f6 a5 36. Kf5 gxf6 37. Kxf6 a4 38. h6 b3 39. axb3 axb3 40. Ke6
b2 41. Ke7 b1=Q 42. Ke6 Qb3+ 43. Kf6 Qf7# {White checkmated} 0-1

[Event "Team 45 45 League T50"]
[Site "Internet Chess Club"]
[Date "2011.09.03"]
[Round "4"]
[White "Deadly-Spike"]
[Black "tc622"]
[Result "0-1"]
[WhiteElo "1274"]
[BlackElo "1172"]
[Opening "Sicilian: Najdorf"]
[ECO "B90"]
[Time "18:00:13"]
[TimeControl "2700+45"]

1. e4 c5 2. Nf3 d6 3. d4 cxd4 4. Nxd4 Nf6 5. Nc3 a6 6. Bd3 e6 7. Be3 Be7 8. Qd2
Ng4 9. O-O-O Nxe3 10. Qxe3 O-O 11. h4 b5 12. a3 Bxh4 13. g3 Bf6 14. e5 Bg5 15.
Bxh7+ Kh8 16. f4 Bh6 17. g4 Bb7 18. Rh2 dxe5 19. g5 exf4 20. Qd3 Qxg5 21. Be4
Bxe4 22. Qxe4 Nd7 23. Kb1 Nf6 24. Qf3 Qg3 25. Qxg3 fxg3 26. Rg2 Rfd8 27. Rxg3 e5
28. Nf5 Rxd1+ 29. Nxd1 Ne4 30. Rh3 Kh7 31. Nxh6 gxh6 32. Ne3 Rg8 33. Rh4 Ng3 34.
b3 f5 35. Ng2 Rg4 36. Rxg4 fxg4 37. c4 bxc4 38. bxc4 Nf5 39. c5 Ne7 40. Kc2 Kg6
41. Kd3 Kf5 42. Ke3 Nd5+ 43. Kf2 Ke4 44. c6 Nc7 45. Kg3 Kd5 46. Kxg4 Kxc6 47.
Kh5 Kd5 48. Kxh6 e4 49. Kg5 Kd4 50. Kf4 Nd5+ 51. Kg3 e3 52. Nxe3 Kxe3 53. Kg2
Kd3 54. Kf2 Kc3 55. Ke2 Kb3 56. Kd2 Kxa3 57. Kc1 Ka2 58. Kc2 a5 59. Kc1 a4 60.
Kc2 a3 61. Kc1 Ka1 62. Kc2 a2 63. Kc1 Nb4 64. Kd2 {White resigns} 0-1

[Event "Team 45 45 League T50"]
[Site "Internet Chess Club"]
[Date "2011.09.04"]
[Round "4"]
[White "artspir"]
[Black "XGG123"]
[Result "0-1"]
[WhiteElo "1097"]
[BlackElo "1164"]
[Opening "King's Indian: Torre attack"]
[ECO "A48"]
[Time "12:00:53"]
[TimeControl "2700+45"]

1. d4 Nf6 2. Nf3 g6 3. Bg5 Bg7 4. e3 O-O 5. Bd3 Nc6 6. c4 d5 7. b3 Bg4 8. a3 e5
9. Be2 exd4 10. exd4 dxc4 11. bxc4 Re8 12. O-O Bxf3 13. Bxf3 Nxd4 14. Nc3 Nxf3+
15. Qxf3 Qd4 16. Nb5 Qb6 17. Be3 c5 18. Bf4 Nh5 19. Bc7 Qe6 20. Nd6 Bxa1 21.
Nxe8 Rxe8 22. Ba5 Bf6 23. Qxb7 Qxc4 24. Qd7 Re4 25. h3 Re5 26. Bd2 Re2 27. Bh6
Qe6 28. Qxa7 Bg7 29. Bg5 Re1 30. Qxc5 Qe5 31. Qc8+ Qe8 32. Bd8 Bd4 33. Rxe1
Qxe1+ 34. Kh2 Qe5+ 35. g3 Qe8 36. g4 Qe5+ 37. Kg2 Nf4+ 38. Kf1 Qe2+ 39. Kg1
Qxf2+ 40. Kh1 Qg2# {White checkmated} 0-1

[Event "Team 45 45 League T50"]
[Site "Internet Chess Club"]
[Date "2011.09.06"]
[Round "4"]
[White "MateIn42"]
[Black "Just-Jim"]
[Result "1-0"]
[WhiteElo "1410"]
[BlackElo "1327"]
[Opening "QP counter-gambit (elephant gambit)"]
[ECO "C40"]
[Time "18:13:52"]
[TimeControl "2700+45"]

1. e4 e5 2. Nf3 d5 3. exd5 Qxd5 4. Nc3 Qe6 5. Qe2 Bd6 6. d4 exd4 7. Nxd4 Qxe2+
8. Bxe2 Be5 9. Ncb5 c6 10. Nf3 Bxh2 11. Rxh2 cxb5 12. Bxb5+ Bd7 13. Bd3 h6 14.
Bf4 Nc6 15. O-O-O Bg4 16. Be4 Nge7 17. Re1 O-O 18. Bd6 Rfe8 19. Rh4 Bxf3 20.
gxf3 f5 21. Bd3 a6 22. Rg1 Rad8 23. Rxh6 Kf8 24. Bc4 Rxd6 25. Rh8+ Ng8 26. Rxg8+
Ke7 27. Re1+ Kf6 28. Rgxe8 Nd4 29. Rf8+ Kg5 30. Bd3 Rd5 31. Rg1+ Kf4 32. Rxg7
Nxf3 33. Bxf5 Rxf5 34. Rxf5+ Kxf5 35. Rf7+ Ke4 36. Rxb7 Ng1 37. Rd7 Nh3 38. c4
Nxf2 39. Kc2 Ke5 40. b4 Ne4 41. Re7+ Kd4 42. Rxe4+ Kxe4 43. b5 axb5 44. cxb5 Kd5
45. Kc3 Kc5 46. a4 Kb6 47. Kd4 Ka5 48. Kc5 Kxa4 49. b6 Ka5 50. Kc6 Ka6 51. Kc7
{Black resigns} 1-0

[Event "Team 45 45 League T50"]
[Site "Internet Chess Club"]
[Date "2011.09.03"]
[Round "4"]
[White "carolinaknight"]
[Black "houseofcook"]
[Result "0-1"]
[WhiteElo "1209"]
[BlackElo "1450"]
[Opening "French: advance, Paulsen attack"]
[ECO "C02"]
[Time "08:00:29"]
[TimeControl "2700+45"]

1. e4 e6 2. d4 d5 3. e5 c5 4. Nf3 Nc6 5. c3 Qb6 6. a3 Bd7 7. Be2 cxd4 8. cxd4
Nge7 9. Nc3 Nf5 10. Na4 Qd8 11. O-O Be7 12. g4 Nh4 13. Nc5 Nxf3+ 14. Bxf3 Bxc5
15. dxc5 Nxe5 16. Be2 Bc6 17. Bf4 Ng6 18. Bg3 O-O 19. b4 Qd7 20. Re1 Rfe8 21. a4
a6 22. h4 e5 23. Bd3 Nf4 24. Bf5 Qd8 25. Qb1 g6 26. Bc2 d4 27. Bb3 Bd5 28. Bxf4
Bxb3 29. Qxb3 exf4 30. Rxe8+ Qxe8 31. Qd3 Qd7 32. f3 Re8 33. Kg2 Re3 34. Qd2 Qe7
35. Kf2 {White resigns} 0-1

[Event "Team 45 45 League T50"]
[Site "Internet Chess Club"]
[Date "2011.09.03"]
[Round "4"]
[White "dabodhi"]
[Black "wekabird"]
[Result "1-0"]
[WhiteElo "1224"]
[BlackElo "1171"]
[Opening "Caro-Kann: exchange variation"]
[ECO "B13"]
[Time "20:00:25"]
[TimeControl "2700+45"]

1. e4 c6 2. d4 d5 3. exd5 cxd5 4. Bd3 e6 5. Nf3 Nf6 6. Bf4 Be7 7. O-O O-O 8. c3
a6 9. Re1 Nc6 10. Qc2 g6 11. Nbd2 b5 12. Ne5 Bb7 13. b4 Rc8 14. Qd1 Nxe5 15.
dxe5 Nd7 16. Nf3 Rxc3 17. Qd2 Rc8 18. Bh6 Re8 19. Qf4 Bxb4 20. Qxb4 Rc5 21. Qf4
Rc3 22. Ng5 Qe7 23. Re3 Rec8 24. Rf3 Rf8 25. Bxf8 Nxf8 26. Rd1 Rc7 27. h4 d4 28.
Be4 Bxe4 29. Nxe4 d3 30. Nf6+ Kg7 31. h5 Rc4 32. Qg5 h6 33. Qe3 Nd7 34. hxg6
fxg6 35. Rxd3 Nxf6 36. exf6+ Qxf6 37. Rxf6 Kxf6 38. Qxh6 Rc5 39. Qf8+ {Black
resigns} 1-0

[Event "Team 45 45 League T50"]
[Site "Internet Chess Club"]
[Date "2011.09.05"]
[Round "4"]
[White "WilmaP"]
[Black "bhandelman"]
[Result "1-0"]
[WhiteElo "1158"]
[BlackElo "1092"]
[Opening "Ruy Lopez: Berlin defense"]
[ECO "C65"]
[Time "11:04:21"]
[TimeControl "2700+45"]

1. e4 e5 2. Nf3 Nc6 3. Bb5 Nf6 4. d3 Bc5 5. O-O O-O 6. c3 a6 7. Ba4 d6 8. Re1
Be6 9. Bc2 Ng4 10. d4 exd4 11. cxd4 Bb4 12. Nc3 Bd7 13. a3 Bxc3 14. bxc3 Ne7 15.
h3 Nf6 16. e5 dxe5 17. dxe5 Nfd5 18. Qd3 Nf4 19. Qxh7# {Black checkmated} 1-0

[Event "Team 45 45 League T50"]
[Site "Internet Chess Club"]
[Date "2011.09.03"]
[Round "4"]
[White "makramkozman"]
[Black "rahulr"]
[Result "0-1"]
[WhiteElo "1557"]
[BlackElo "1622"]
[Opening "English, 1...Nf6 (Anglo-Indian defense)"]
[ECO "A15"]
[Time "09:04:53"]
[TimeControl "2700+45"]

1. c4 Nf6 2. g3 g6 3. Nc3 Bg7 4. Bg2 O-O 5. Nf3 d6 6. d3 Nc6 7. a3 Re8 8. Bg5 h6
9. Bd2 e5 10. Rc1 e4 11. dxe4 Nxe4 12. Nxe4 Rxe4 13. Bc3 Rxc4 14. Bxg7 Rxc1 15.
Qxc1 Kxg7 16. O-O Qf6 17. Rd1 Bd7 18. b4 Re8 19. b5 Ne5 20. Qxc7 Bxb5 21. Rxd6
Nxf3+ 22. Bxf3 Qxf3 23. exf3 Re1+ {White resigns} 0-1

[Event "Team 45 45 League T50"]
[Site "Internet Chess Club"]
[Date "2011.09.04"]
[Round "4"]
[White "Zugzwanged"]
[Black "Cadaz"]
[Result "0-1"]
[WhiteElo "1607"]
[BlackElo "1540"]
[Opening "Sicilian: Grand Prix attack"]
[ECO "B23"]
[Time "10:00:37"]
[TimeControl "2700+45"]

1. e4 c5 2. Nc3 Nc6 3. f4 e6 4. Nf3 d5 5. Bb5 Ne7 6. Ne5 Qc7 7. exd5 Nxd5 8.
Bxc6+ bxc6 9. O-O Bd6 10. Ne4 Bxe5 11. fxe5 Qxe5 12. Qf3 O-O 13. d3 c4 14. c3
cxd3 15. Qxd3 Rb8 16. Qg3 Qxg3 17. Nxg3 Ba6 18. Rd1 Rfd8 19. Rd4 e5 20. Ra4 Nc7
21. Ne4 Rd1+ 22. Kf2 f5 23. Nc5 Rf1+ 24. Kg3 f4+ 25. Kg4 Be2+ 26. Kf5 f3 27.
gxf3 Rxf3+ 28. Kxe5 Nb5 29. Rf4 Re8+ 30. Kf5 g6+ 31. Kg5 Re5+ 32. Kf6 Rxf4+ 33.
Kxe5 Rf5+ 34. Ke6 Rxc5 35. Bh6 Bc4+ 36. Kd7 Kf7 37. Re1 Be6+ 38. Rxe6 Rd5+ 39.
Kxc6 Kxe6 40. Be3 Rh5 41. Bf4 Rf5 42. Bg3 h5 43. a4 Nxc3 44. bxc3 Ra5 45. c4
Rxa4 46. c5 Rb4 47. Kc7 a5 48. Be1 Rc4 49. c6 a4 50. Kb7 a3 51. c7 a2 {White
resigns} 0-1

[Event "Team 45 45 League T50"]
[Site "Internet Chess Club"]
[Date "2011.09.03"]
[Round "4"]
[White "mrneale"]
[Black "MasterOfTheKeys"]
[Result "1-0"]
[WhiteElo "1493"]
[BlackElo "1606"]
[Opening "King's Indian: fianchetto, Kavalek (Bronstein) variation"]
[ECO "A16"]
[Time "15:04:16"]
[TimeControl "2700+45"]

1. c4 Nf6 2. Nc3 g6 3. g3 Bg7 4. Bg2 O-O 5. Nf3 d6 6. O-O c6 7. d4 Qa5 8. Bd2
Qh5 9. h4 Bg4 10. b4 Qf5 11. Nh2 Bh3 12. e4 Qd7 13. Qe2 Bxg2 14. Kxg2 e5 15. d5
Na6 16. b5 Nc5 17. f3 Rfe8 18. Rab1 Rab8 19. Rb4 Qc7 20. Rfb1 Nfd7 21. Be3 f5
22. Na4 fxe4 23. fxe4 Nxe4 24. Bxa7 Ra8 25. b6 Nxb6 26. Bxb6 Rxa4 27. Bxc7 Nc3
28. Qd3 e4 29. Qxc3 Rxa2+ 30. R4b2 Rxb2+ 31. Qxb2 Bxb2 32. Rxb2 cxd5 33. cxd5
Re5 34. Rb5 e3 35. Kf1 h5 36. Bxd6 Re4 37. Ke2 {Black resigns} 1-0

[Event "Team 45 45 League T50"]
[Site "Internet Chess Club"]
[Date "2011.09.03"]
[Round "4"]
[White "spongenotbob"]
[Black "lechuguita"]
[Result "1/2-1/2"]
[WhiteElo "1442"]
[BlackElo "1404"]
[Opening "QGD Slav defense"]
[ECO "D10"]
[Time "03:01:03"]
[TimeControl "2700+45"]

1. d4 d5 2. c4 c6 3. e3 Bf5 4. Nc3 Nf6 5. Nf3 Nbd7 6. cxd5 Nxd5 7. Nxd5 cxd5 8.
Qb3 Nb6 9. Be2 a6 10. Bd2 Rc8 11. O-O Qd6 12. Bb4 Qc6 13. Ne5 Qc2 14. Bf3 Qxb3
15. axb3 e6 16. Ba5 Na8 17. Rac1 Rb8 18. Be2 Bd6 19. Nd3 f6 20. Nc5 Ke7 21. Bd2
Nc7 22. Nd3 b6 23. Nb4 Ra8 24. Rc6 a5 25. Nd3 Rhb8 26. Rfc1 Nb5 27. Nf4 Na7 28.
R6c3 b5 29. Ra1 b4 30. Rcc1 Nb5 31. h4 g6 32. g4 Bxf4 33. exf4 Nxd4 34. Bd1 Be4
35. Be3 Nf3+ 36. Bxf3 Bxf3 37. Rc7+ Kd6 38. Rac1 Ra6 39. Rxh7 Rc6 40. Rxc6+ Kxc6
41. Rg7 Bxg4 42. Rxg6 Bf5 43. Rxf6 Rh8 44. Rf7 Rxh4 45. Ra7 Kb5 46. Rb7+ Kc6 47.
Ra7 Kb5 48. Rb7+ {Game drawn by mutual agreement} 1/2-1/2

[Event "Team 45 45 League T50"]
[Site "Internet Chess Club"]
[Date "2011.09.12"]
[Round "4"]
[White "ScotchYeti"]
[Black "Giacometti"]
[Result "1-0"]
[WhiteElo "1608"]
[BlackElo "1623"]
[Opening "Caro-Kann: Panov-Botvinnik attack, 5...e6"]
[ECO "B14"]
[Time "14:00:10"]
[TimeControl "2700+45"]

1. e4 c6 2. d4 d5 3. exd5 cxd5 4. c4 Nf6 5. Nc3 e6 6. Nf3 Be7 7. cxd5 Nxd5 8.
Bd3 O-O 9. O-O Nc6 10. Re1 Bf6 11. Be4 Nde7 12. Be3 Qa5 13. a3 Qh5 14. Qd2 Nf5
15. Rad1 Nxe3 16. fxe3 Ne7 17. Ne2 Nd5 18. Ng3 Qh6 19. Nf5 Qh5 20. Nd6 Rd8 21.
Nxc8 Raxc8 22. Qf2 Qg4 23. Bb1 Rc7 24. e4 Nb6 25. e5 Be7 26. Re4 Qh5 27. Qg3 Nd5
28. Rg4 g6 29. Re4 Rdc8 30. Ree1 Qh6 31. Qf2 Rc1 32. Qd2 Qxd2 33. Nxd2 Rxd1 34.
Rxd1 Bg5 35. Nb3 b6 36. Kf2 a5 37. Be4 Ne7 38. Kf3 Rc7 39. g3 Bh6 40. h4 Nc8 41.
g4 Na7 42. g5 Bf8 43. d5 exd5 44. Rxd5 a4 45. Nd4 h6 46. Rd8 hxg5 47. hxg5 Kg7
48. Rd5 Bc5 49. e6 Bxd4 50. Rxd4 fxe6 51. Rxa4 e5 52. Rb4 b5 53. a4 bxa4 54.
Rxa4 Nb5 55. Ra6 Nd4+ 56. Kg4 Rf7 57. Rxg6+ Kf8 58. Rf6 Rxf6 59. gxf6 Kf7 60.
Kg5 Ne6+ 61. Kf5 Nf8 62. Bd5+ Ke8 63. f7+ Ke7 64. Kxe5 Nd7+ 65. Kd4 Kd6 66. b4
Nf8 67. b5 Nd7 68. Bc6 Nf8 69. Ke4 Ke6 70. Bd5+ Kd6 71. b6 Nd7 72. b7 Ke7 73.
Kf5 Kf8 74. Ke6 Nc5+ 75. Kf6 Nd7+ 76. Kf5 Ke7 77. Kg6 Kf8 78. Be6 Nb8 79. Bc4
Nd7 80. Bb5 Nb8 81. Ba4 Na6 82. Bc6 Nb8 83. Bb5 {Black resigns} 1-0

[Event "Team 45 45 League T50"]
[Site "Internet Chess Club"]
[Date "2011.09.04"]
[Round "4"]
[White "Kristian1974"]
[Black "cepheid"]
[Result "1-0"]
[WhiteElo "1611"]
[BlackElo "1584"]
[Opening "Trompowsky attack (Ruth, Opocenský opening)"]
[ECO "A45"]
[Time "14:00:22"]
[TimeControl "2700+45"]

1. d4 Nf6 2. Bg5 c5 3. Bxf6 exf6 4. d5 f5 5. e3 d6 6. Bd3 g6 7. Nd2 Bg7 8. c3
O-O 9. Ngf3 Nd7 10. h4 Nf6 11. Bc4 a6 12. Ng5 b5 13. Be2 h6 14. Nh3 Nxd5 15. Bf3
Bb7 16. Nf4 Nxc3 17. bxc3 Bxf3 18. Qxf3 Bxc3 19. Rd1 Qd7 20. Qd5 Rac8 21. Nxg6
Rfe8 22. Nf4 Re4 23. O-O Rb4 24. Nf3 Rd8 25. Rd3 Bf6 26. Rfd1 c4 27. Nh5 Bh8 28.
Ra3 c3 29. Nd4 c2 30. Nxc2 Rxh4 31. Nf4 Be5 32. g3 Rg4 33. Rxa6 Bxf4 34. exf4
Qe7 35. Rxd6 Rxd6 36. Qxd6 Qe2 37. Qd3 Qxd3 38. Rxd3 Rg6 39. Rd8+ Kh7 40. Rb8
Rd6 41. Rxb5 Rd2 42. Nb4 Rb2 43. a3 Rb3 44. a4 Kg6 45. a5 h5 46. Rb6+ Kg7 47. a6
Ra3 48. Nc6 Kf8 49. a7 Ke8 50. Rb5 Kd7 51. Ra5 Kxc6 52. Rxa3 Kb7 53. a8=Q+
{Black resigns} 1-0